 Dungeon Crawl Stone Soup version 0.24.1-14-gf8d2b509d9 (webtiles) character file.

Game seed: 16973194406698148361, levelgen mode: deterministic

121 Doot the Sneak (level 4, -2/30 HPs)
             Began as a Vampire Enchanter on May 22, 2020.
             Slain by a worm (6 damage)
             ... on level 3 of the Dungeon.
             The game lasted 00:02:27 (889 turns).

Doot the Sneak (Vampire Enchanter)                   Turns: 889, Time: 00:02:27

Health: -2/30      AC:  2    Str:  7    XL:     4   Next: 76%
Magic:  1/7        EV: 13    Int: 18    God:
Gold:   78         SH:  0    Dex: 14    Spells: 4/7 levels left

rFire    . . .     SeeInvis +   s - +0 rapier
rCold    + . .     Gourm    .   (no shield)
rNeg     . . .     Faith    .   b - +0 robe
rPois    .         Spirit   .   (no helmet)
rElec    .         Reflect  .   (no cloak)
rCorr    .         Harm     .   (no gloves)
MR       .....                  (no boots)
Stlth    +++.......             k - amulet of the acrobat
HPRegen  0.30/turn              r - ring of protection from cold
MPRegen  0.10/turn              (no ring)

@: regenerating quickly
A: no food, fangs 3, see invisible, unbreathing
a: Exsanguinate


You were on level 3 of the Dungeon.
You were alive.

You visited 1 branch of the dungeon, and saw 4 of its levels.

You collected 78 gold pieces.

Inventory:

Hand Weapons
 a - a +1 dagger
 s - a +0 rapier (weapon)
Armour
 b - a +0 robe (worn)
Jewellery
 k - an amulet of the acrobat (around neck)
 r - a ring of protection from cold (left hand)
Wands
 m - a wand of random effects (21)
 q - a wand of acid (2)
Scrolls
 c - a scroll of fear {unknown}
 d - a scroll of remove curse {unknown}
 f - a scroll of enchant weapon {unknown}
 i - a scroll of noise {unknown}
 l - a scroll of identify {unknown}
 n - a scroll of enchant armour {unknown}
 p - a scroll of fog {unknown}
Potions
 e - 2 potions of might {unknown}
 g - 2 potions of lignification {unknown}
 h - a potion of cancellation {unknown}
 j - a potion of curing {unknown}
 o - a potion of brilliance {unknown}


   Skills:
 + Level 0.3 Fighting
 + Level 1.7 Short Blades
 + Level 2.6 Dodging
 + Level 6.6 Stealth
 + Level 2.4 Spellcasting
 + Level 5.1 Hexes
 + Level 1.0 Ice Magic


You had 4 spell levels left.
You knew the following spells:

 Your Spells              Type           Power        Failure   Level  Hunger
a - Corona                Hex            ###....      2%          1    N/A
b - Ensorcelled Hibernat  Hex/Ice        ##....       8%          2    N/A

Your spell library contained the following spells:

 Spells                   Type           Power        Failure   Level  Hunger
 Confuse                  Hex            ###.....     6%          3    N/A
 Tukima's Dance           Hex            ###.....     6%          3    N/A
 Dazzling Spray           Conj/Hex       ##....       19%         3    N/A

Dungeon Overview and Level Annotations

Branches:
Dungeon (4/15)
 Temple: D:4-7

Altars:
Xom


Innate Abilities, Weirdness & Mutations

You do not eat.
Your natural rate of healing is unusually fast.
You have razor-sharp teeth.
You have supernaturally acute eyesight. (SInv)
You can survive without breathing.


Message History

Evoke which item? (* to show all) (? for menu, Esc to quit)
Okay, then.
Unknown command.
Evoke which item? (* to show all) (? for menu, Esc to quit)
Aiming: Corrosive Bolt
Press: ? - help, Shift-Dir - straight line, f/p - orc wizard
Aim: an orc wizard, wielding a +0 dagger and wearing a +0 robe (heavily wounded, fast)
The bolt of acid hits the orc wizard!
The orc wizard is splashed with acid.
You kill the orc wizard!
Your Ice Magic skill increases to level 1!
Something unseen opens the door.
Evoke which item? (* to show all) (? for menu, Esc to quit)
Aiming: Corrosive Bolt
Press: ? - help, Shift-Dir - straight line, f - orc
Aim: an orc, wielding a +0 short sword and wearing a +0 leather armour The bolt of acid hits the orc!
The orc is splashed with acid.
You kill the orc!
There is a stone staircase leading up here.
You climb upwards.
The worm bites you.
You die...

#.# #.#
#######.###.#
.......[....# #.#
#.# #.# #.######.
#@....... #w..####.
#...# #...# .#
##.#####...##
#######.....†......
........#..###...##
.#####.#....###. .#
.................


You could see a worm.

Vanquished Creatures
  An orc wizard (D:4)
  A worker ant (D:4)
  Terence (D:3)
  An adder (D:3)
  An ooze (D:2)
  A worm (D:2)
  4 orcs
  2 hobgoblins (D:2)
  3 jackals (D:2)
  A kobold (D:2)
  A quokka (D:2)
  A ball python (D:4)
  3 bats
  2 frilled lizards
  3 goblins
  3 rats
29 creatures vanquished.

Notes
Turn   | Place    | Note
-------+----------+-------------------------------------------
     0 | D:1      | Doot the Vampire Enchanter began the quest for the Orb.
     0 | D:1      | Reached XP level 1. HP: 13/13 MP: 3/3
   156 | D:2      | Reached skill level 5 in Stealth
   156 | D:2      | Reached XP level 2. HP: 19/19 MP: 3/5
   173 | D:2      | Learned a level 2 spell: Ensorcelled Hibernation
   447 | D:3      | Found a shimmering altar of Xom.
   469 | D:3      | Reached XP level 3. HP: 24/24 MP: 3/6
   551 | D:3      | Noticed Terence
   559 | D:3      | Killed Terence
   559 | D:3      | Reached skill level 6 in Stealth
   772 | D:4      | Reached skill level 5 in Hexes
   772 | D:4      | Reached XP level 4. HP: 30/30 MP: 7/7
   879 | D:4      | HP: 1/30 [orc wizard/magic dart (7)]
   882 | D:4      | Reached skill level 1 in Ice Magic
   889 | D:3      | Slain by a worm

Levels and vault maps discovered:
D:1:      psy_arrival_dodecagon, layout_rooms, nrook_mini_vaults,
          serial_bayou_lagoon_a, nemelex_diamond_rough_becter
D:2:      layout_loops_ring
D:3:      layout_loops_ring, xom_teletrap_fun, uniq_robin, uniq_terence
D:4:      layout_gridville

Skill      XL: |  1  2  3  4 |
---------------+-------------+-----
Stealth        | 5 6 |  6.6
Hexes          | 5 |  5.1
Ice Magic      | 1 |  1.0
Fighting       | |  0.3
Short Blades   | |  1.7
Dodging        | |  2.6
Spellcasting   | |  2.4

Action                   |  1- 3 |  4- 6 || total
-------------------------+-------+-------++-------
Melee: Dagger            |    49 |     3 ||    52
       Bite              |     4 |       ||     4
       Rapier            |       |     8 ||     8
 Cast: Corona            |     3 |       ||     3
       Ensorcelled Hiber |    11 |     4 ||    15
Evoke: Wand              |       |     2 ||     2
 Stab: Sleeping          |    17 |     3 ||    20
Armor: Robe              |     7 |     1 ||     8
Dodge: Dodged            |    43 |     7 ||    50
